 Dungeon Crawl Stone Soup version 0.21-a0-349-g0c35859 (webtiles) character file.

609 Monsterracer the Magician (level 7, 0/51 HPs)
             Began as a Gnoll Wizard on Oct 7, 2017.
             Killed by nerve-wracking pain
             ... invoked by Grinder
              (9 damage)
             ... on level 4 of the Dungeon.
             The game lasted 00:06:45 (4753 turns).

Monsterracer the Magician (Gnoll Wizard)            Turns: 4753, Time: 00:06:46

Health: 0/51       AC:  4    Str:  9    XL:     7   Next: 43%
Magic:  7/18       EV: 15    Int: 22    God:
Gold:   180        SH:  0    Dex: 14    Spells: 12/21 levels left

rFire    . . .     SeeInvis .   b - +0 trident
rCold    . . .     Gourm    .   (no shield)
rNeg     . . .     Faith    .   g - +0 robe
rPois    .         Spirit   .   i - +0 helmet
rElec    .         Reflect  .   (no cloak)
rCorr    .         Harm     .   (no gloves)
MR       .....                  f - +0 pair of boots
Stlth    +++.......             (no amulet)
HPRegen  0.17/turn              (no ring)
MPRegen  0.16/turn              (no ring)

@: no status effects
A: distributed training, fangs 1, strong nose
a: no special abilities


You were on level 4 of the Dungeon.
You were not hungry.

You visited 1 branch of the dungeon, and saw 5 of its levels.

You collected 180 gold pieces.

Inventory:

Hand Weapons
 a - a +1 dagger of pain
 b - a +0 trident (weapon)
 m - a +0 dagger of holy wrath
Armour
 f - a +0 pair of boots (worn)
 g - a +0 robe (worn)
 i - a +0 helmet (worn)
Wands
 q - a wand of enslavement (12/24)
Scrolls
 c - 7 scrolls of remove curse {unknown}
 e - 2 scrolls of blinking {unknown}
 h - a scroll of fear {unknown}
 j - 3 scrolls of identify {unknown}
 t - a scroll of teleportation {unknown}
 w - a scroll of random uselessness {unknown}
Potions
 k - a potion of degeneration {unknown}
 n - a potion of flight {unknown}
 o - a potion of ambrosia {unknown}
 r - 2 potions of curing {unknown}
 u - a potion of berserk rage {unknown}
Comestibles
 d - 5 bread rations
 l - 5 meat rations
 p - a royal jelly
 s - 2 fruits
 v - a chunk of flesh


   Skills:
 + Level 2.4 Fighting
 + Level 2.4 Short Blades
 + Level 2.4 Long Blades
 + Level 2.4 Axes
 + Level 2.4 Maces & Flails
 + Level 2.4 Polearms
 + Level 2.4 Staves
 + Level 2.4 Slings
 + Level 2.4 Bows
 + Level 2.4 Crossbows
 + Level 2.4 Throwing
 + Level 2.4 Armour
 + Level 5.2 Dodging
 + Level 4.9 Stealth
 + Level 2.4 Shields
 + Level 2.4 Unarmed Combat
 + Level 7.6 Spellcasting
 + Level 3.6 Conjurations
 + Level 2.4 Hexes
 + Level 2.4 Charms
 + Level 3.6 Summonings
 + Level 2.4 Necromancy
 + Level 3.6 Translocations
 + Level 2.4 Transmutations
 + Level 2.4 Fire Magic
 + Level 2.4 Ice Magic
 + Level 2.4 Air Magic
 + Level 2.4 Earth Magic
 + Level 2.4 Poison Magic
 + Level 2.4 Invocations
 + Level 2.4 Evocations


You had 12 spell levels left.
You knew the following spells:

 Your Spells              Type           Power        Failure   Level  Hunger
a - Magic Dart            Conj           ###.         1%          1    None
b - Conjure Flame         Conj/Fire      ###.....     7%          3    None
c - Mephitic Cloud        Conj/Pois/Air  ###.....     8%          3    None
e - Blink                 Tloc           N/A          2%          2    None


Dungeon Overview and Level Annotations

Branches:
Dungeon (5/15)
 Temple: D:4-7

Altars:
Gozag
Makhleb
Nemelex Xobeh
Okawaru
The Shining One

Annotations:
D:4 Grinder


Innate Abilities, Weirdness & Mutations

Your experience applies equally to all skills.
You have very sharp teeth.
Your uncanny sense of smell can sniff out nearby items.


Message History

Press: ? - help, Dir - move target cursor, p - orc
Okay, then.
Found a scroll labeled KOIREONEYZ.
Grinder comes into view.
The orc barely misses you.
There is an escape hatch in the ceiling here.
Things that are here:
a whip; a scale mail You see here a tomahawk.
You see here 2 tomahawks.
Grinder gestures at you.
You suddenly lose the ability to move!
Grinder blinks!
The orc hits you from afar with a trident!
* * * LOW HITPOINT WARNING * * *
Grinder gestures at you.
You struggle to resist.
The orc barely misses you.
You can move again.
Things that are here:
a short sword; an orc corpse; Huge Dmg: -12%(-6hp) hp: 28%(14hp) Grinder hits you.
* * * LOW HITPOINT WARNING * * *
You writhe in agony.
* * * LOW HITPOINT WARNING * * *
Huge Dmg: -10%(-5hp) hp: 18%(9hp) Unknown command.
Grinder gestures at you. Pain shoots through your body!
You die...

#.......# #......
#.####..# #......
#.#..#oo###......
####....#...........
#...#####.###.......
#.......#...#.......
#...###.###?#...[...
#...# #.#.......
#..@# #.###.#.......
#...# #.....#.......
#..5#######...######
#..oo()#.....##
#[..##o#.....#
######)#.o...######
#o##.........#
#..<.........#
####.........#


You could see Grinder and 2 orcs.

Vanquished Creatures
  A phantom (D:4)
  An ogre (D:5)
  A centaur (D:5)
  4 orc wizards
  Ijyb (D:3)
  Terence (D:2)
  An iguana (D:4)
  2 worker ants (D:5)
  A hound skeleton (D:5)
  A howler monkey skeleton (D:5)
  3 adders
  A shadow imp (D:5)
  14 orcs
  2 bats
  3 giant cockroaches
  7 goblins
  6 hobgoblins
  7 jackals
  7 kobolds
  A quokka (D:2)
  3 frilled lizards
  A jackal skeleton (D:5)
  5 rats
74 creatures vanquished.

Notes
Turn   | Place    | Note
-------+----------+-------------------------------------------
     0 | D:1      | Monsterracer the Gnoll Wizard began the quest for the Orb.
     0 | D:1      | Reached XP level 1. HP: 13/13 MP: 8/8
   189 | D:1      | Reached XP level 2. HP: 19/19 MP: 8/10
   838 | D:1      | Reached XP level 3. HP: 25/25 MP: 7/11
   843 | D:1      | Learned a level 3 spell: Conjure Flame
   847 | D:1      | Learned a level 3 spell: Mephitic Cloud
   850 | D:1      | Learned a level 2 spell: Blink
  1463 | D:2      | Noticed Terence
  1583 | D:2      | Killed Terence
  1583 | D:2      | Reached skill level 1 in Fighting
  1583 | D:2      | Reached skill level 1 in Short Blades
  1583 | D:2      | Reached skill level 1 in Long Blades
  1583 | D:2      | Reached skill level 1 in Axes
  1583 | D:2      | Reached skill level 1 in Maces & Flails
  1583 | D:2      | Reached skill level 1 in Polearms
  1583 | D:2      | Reached skill level 1 in Staves
  1583 | D:2      | Reached skill level 1 in Slings
  1583 | D:2      | Reached skill level 1 in Bows
  1583 | D:2      | Reached skill level 1 in Crossbows
  1583 | D:2      | Reached skill level 1 in Throwing
  1583 | D:2      | Reached skill level 1 in Armour
  1583 | D:2      | Reached skill level 1 in Shields
  1583 | D:2      | Reached skill level 1 in Unarmed Combat
  1583 | D:2      | Reached skill level 1 in Hexes
  1583 | D:2      | Reached skill level 1 in Charms
  1583 | D:2      | Reached skill level 1 in Necromancy
  1583 | D:2      | Reached skill level 1 in Transmutations
  1583 | D:2      | Reached skill level 1 in Fire Magic
  1583 | D:2      | Reached skill level 1 in Ice Magic
  1583 | D:2      | Reached skill level 1 in Air Magic
  1583 | D:2      | Reached skill level 1 in Earth Magic
  1583 | D:2      | Reached skill level 1 in Poison Magic
  1583 | D:2      | Reached skill level 1 in Invocations
  1583 | D:2      | Reached skill level 1 in Evocations
  1583 | D:2      | Reached XP level 4. HP: 27/32 MP: 1/13
  2123 | D:3      | HP: 15/32 [orc/mace (2)]
  2128 | D:3      | HP: 13/32 [rat (1)]
  2135 | D:3      | HP: 10/32 [orc/hand axe (1)]
  2367 | D:3      | Reached XP level 5. HP: 37/37 MP: 14/14
  2651 | D:3      | Noticed Ijyb
  2678 | D:3      | Killed Ijyb
  2847 | D:3      | Found an opulent altar of Gozag.
  3076 | D:4      | Noticed a phantom
  3102 | D:4      | Killed a phantom
  3102 | D:4      | Reached XP level 6. HP: 43/44 MP: 5/16
  3219 | D:5      | Entered Level 5 of the Dungeon
  3389 | D:5      | Found a glowing golden altar of the Shining One.
  3424 | D:5      | Reached skill level 5 in Dodging
  3569 | D:5      | Found a sparkling altar of Nemelex Xobeh.
  4186 | D:5      | Found an iron altar of Okawaru.
  4262 | D:5      | Found a burning altar of Makhleb.
  4287 | D:5      | Reached XP level 7. HP: 45/50 MP: 14/18
  4716 | D:4      | HP: 22/51 [orc/trident (7)]
  4736 | D:4      | Noticed Grinder
  4746 | D:4      | Paralysed by Grinder for 5 turns
  4748 | D:4      | HP: 13/51 [orc/trident (7)]
  4753 | D:4      | Killed from afar by Grinder

Vault maps used:
D:1:      shiori_arrival_maze, minmay_misc_feat_more_columns
D:2:      uniq_terence
D:3:      old_standard_altar, first_bread, uniq_ijyb
D:4:      minmay_temple_entry_poolview, uniq_grinder
D:5:      nemelex_xobeh_ov_fountains_minmay, old_standard_altar,
          kennysheep_okawaru_gauntlet, nicolae_tso_carved_into_rock

Skill      XL: |  1  2  3  4  5  6 |
---------------+-------------------+-----
Fighting       | 1 2 |  2.4
Short Blades   | 1 2 |  2.4
Long Blades    | 1 2 |  2.4
Axes           | 1 2 |  2.4
Maces & Flails | 1 2 |  2.4
Polearms       | 1 2 |  2.4
Staves         | 1 2 |  2.4
Slings         | 1 2 |  2.4
Bows           | 1 2 |  2.4
Crossbows      | 1 2 |  2.4
Throwing       | 1 2 |  2.4
Armour         | 1 2 |  2.4
Shields        | 1 2 |  2.4
Unarmed Combat | 1 2 |  2.4
Hexes          | 1 2 |  2.4
Charms         | 1 2 |  2.4
Necromancy     | 1 2 |  2.4
Transmutations | 1 2 |  2.4
Fire Magic     | 1 2 |  2.4
Ice Magic      | 1 2 |  2.4
Air Magic      | 1 2 |  2.4
Earth Magic    | 1 2 |  2.4
Poison Magic   | 1 2 |  2.4
Invocations    | 1 2 |  2.4
Evocations     | 1 2 |  2.4
Conjurations   | 3 |  3.6
Summonings     | 3 |  3.6
Translocations | 3 |  3.6
Dodging        | 5 |  5.2
Stealth        | |  4.9
Spellcasting   | |  7.6

Action                   |  1- 3 |  4- 6 |  7- 9 || total
-------------------------+-------+-------+-------++-------
Melee: Dagger            |    34 |   106 |    35 ||   175
       Unarmed           |     3 |       |       ||     3
       Bite              |       |     6 |     6 ||    12
       Trident           |       |       |     5 ||     5
 Cast: Magic Dart        |    50 |    91 |    11 ||   152
       Conjure Flame     |     2 |     4 |     4 ||    10
       Mephitic Cloud    |     2 |     2 |     4 ||     8
       Blink             |     1 |       |       ||     1
 Stab: Sleeping          |     1 |     2 |     1 ||     4
       Confused          |     1 |     1 |       ||     2
  Eat: Chunk             |     1 |     9 |     2 ||    12
Armor: Robe              |    14 |    15 |     9 ||    38
Dodge: Dodged            |    34 |    92 |    22 ||   148

Table legend:
 A = Spawn XP
 B = Non-spawn XP
 C = Spawn XP percentage of total XP
 D = Spawn monster count
 E = Non-spawn monster count
 F = Spawn count percentage of total count
 G = Total turns spent on level
                    A         B        C        D         E        F      G
               +---------+---------+-------+---------+---------+-------+---------
         Total |       0 |     870 |   0.0 |       0 |      74 |   0.0 |  4753
               +---------+---------+-------+---------+---------+-------+---------
           D:1 |       0 |      36 |   0.0 |       0 |      21 |   0.0 |  1018
           D:2 |       0 |      63 |   0.0 |       0 |      10 |   0.0 |   963
           D:3 |       0 |     109 |   0.0 |       0 |      11 |   0.0 |   910
           D:4 |       0 |     287 |   0.0 |       0 |      11 |   0.0 |   554
           D:5 |       0 |     375 |   0.0 |       0 |      21 |   0.0 |  1308
               +---------+---------+-------+---------+---------+-------+---------

Vault maps used:
D:1:      shiori_arrival_maze, minmay_misc_feat_more_columns
D:2:      uniq_terence
D:3:      old_standard_altar, first_bread, uniq_ijyb
D:4:      minmay_temple_entry_poolview, uniq_grinder
D:5:      nemelex_xobeh_ov_fountains_minmay, old_standard_altar,
          kennysheep_okawaru_gauntlet, nicolae_tso_carved_into_rock
